AoeStats
← TioMg100

Arena

509498783Analyzed
4v4 RM · 6d ago on Sep 27, 2026· 46m 10s· 8 players
Game mode
Random Map
Map size
Large (8 player)
Population
200
Speed
Normal
Resources
Standard
Victory
Conquest
Starting age
Dark Age
Ending age
Imperial Age
RankedLock teamsTeams togetherTeam positionsShared explorationLock speedFull tech treeHidden civsTurbo modeCheats
Victory
Defeat
🇧🇷 Burgundians · Brazil
1133
+13
🇧🇷 Persians · Brazil
1128
+14
🇧🇷 Turks · Brazil
1093
+15
🇧🇷 Vietnamese · Brazil
1069
+16
🇺🇸 Celts · United States
1098
-15
🇦🇷 Britons · Argentina
1081
-15
🇨🇦 Mongols · Canada
1061
-14
🇮🇳 Persians · India
1054
-14
[MAD1] killmeifyoucan
11:29 Feudal Age
13:22 Double-Bit Axe
13:33 Gold Mining
15:45 Castle Age
15:20 Wheelbarrow
24:14 Bloodlines
25:42 Forging
25:47 Scale Barding Armor
27:56 Husbandry
28:58 Iron Casting
30:29 Caravan
30:30 Horse Collar
31:17 Chain Barding Armor
30:47 Fletching
31:47 Padded Archer Armor
34:07 Scale Mail Armor
34:02 Bodkin Arrow
34:23 Leather Archer Armor
35:01 Hand Cart
34:32 Loom
34:32 Town Watch
37:10 Chain Mail Armor
37:43 Light Cavalry
43:01 Imperial Age
Lone Wolf
10:35 Feudal Age
14:03 Castle Age
12:49 Double-Bit Axe
12:50 Horse Collar
16:03 Bow Saw
21:15 Wheelbarrow
21:02 Loom
22:53 Bloodlines
22:44 Husbandry
23:32 Hand Cart
23:57 Scale Barding Armor
23:52 Scale Mail Armor
24:06 Forging
25:03 Chain Barding Armor
29:20 Imperial Age
27:05 Town Watch
29:05 Iron Casting
28:33 Town Patrol
30:13 Plate Barding Armor
28:59 Cavalier
29:33 Gold Mining
29:35 Stone Mining
30:53 Chemistry
30:14 Ballistics
30:05 Masonry
31:12 Blast Furnace
30:02 Fletching
30:58 Conscription
31:59 Kamandaran
32:00 Padded Archer Armor
31:46 Savar
32:08 Crossbowman
33:20 Bodkin Arrow
34:34 Leather Archer Armor
37:17 Thumb Ring
40:15 Light Cavalry
41:41 Hussar
mark_aoe_2024
11:01 Feudal Age
14:54 Castle Age
13:14 Double-Bit Axe
13:12 Horse Collar
15:48 Bow Saw
21:24 Loom
22:41 Wheelbarrow
24:49 Hand Cart
25:30 Fortified Wall
25:44 Ballistics
26:37 Gold Mining
29:51 Imperial Age
28:20 Stronghold
28:36 Scale Mail Armor
28:47 Forging
28:25 Arson
29:26 Gold Shaft Mining
29:10 Stone Mining
28:58 Pikeman
30:17 Chain Mail Armor
30:24 Heavy Plow
30:20 Capped Ram
31:25 Conscription
31:17 Furor Celtica
32:01 Plate Mail Armor
32:07 Iron Casting
32:26 Siege Engineers
32:16 Siege Ram
32:42 Halberdier
35:02 Blast Furnace
37:28 Heavy Scorpion
40:47 Elite Woad Raider
ERROR 404
9:54 Feudal Age
10:24 Double-Bit Axe
13:05 Loom
15:59 Castle Age
19:14 Bow Saw
21:37 Padded Archer Armor
21:27 Fletching
26:19 Wheelbarrow
26:22 Bodkin Arrow
26:42 Leather Archer Armor
27:50 Leather Archer Armor
28:26 Hand Cart
29:00 Yeomen
31:42 Imperial Age
28:54 Horse Collar
30:34 Squires
30:20 Gambesons
30:48 Gold Mining
30:50 Stone Mining
31:47 Heavy Plow
33:35 Conscription
33:42 Bracer
35:10 Ring Archer Armor
34:50 Forging
34:41 Scale Mail Armor
36:22 Two-Man Saw
36:04 Pikeman
36:16 Elite Longbowman
38:45 Iron Casting
38:25 Chain Mail Armor
39:02 Ballistics
39:45 Chemistry
39:09 Halberdier
Mkc
11:46 Feudal Age
16:03 Castle Age
20:41 Imperial Age
18:58 Double-Bit Axe
19:04 Gold Mining
20:47 Wheelbarrow
23:22 Padded Archer Armor
25:14 Leather Archer Armor
32:19 Gold Shaft Mining
31:34 Stone Mining
37:15 Hand Cart
36:43 Horse Collar
38:50 Guilds
39:10 Coinage
42:10 Heavy Plow
44:12 Caravan
44:42 Coinage
46:13 Bow Saw
TioMg100
9:12 Double-Bit Axe
9:49 Horse Collar
13:53 Feudal Age
17:41 Castle Age
15:56 Bow Saw
16:50 Heavy Plow
16:51 Gold Mining
20:21 Fervor
25:40 Town Watch
26:37 Pikeman
27:20 Squires
32:52 Imperial Age
30:07 Loom
30:58 Wheelbarrow
30:24 Town Patrol
30:35 Forging
30:31 Scale Barding Armor
30:46 Scale Mail Armor
31:49 Two-Man Saw
31:52 Cavalier
32:33 Husbandry
32:57 Chain Barding Armor
33:13 Iron Casting
34:33 Gold Shaft Mining
33:23 Paladin
34:41 Plate Barding Armor
36:48 Burgundian Vineyards
38:15 Blast Furnace
37:55 Hand Cart
38:06 Conscription
37:37 Light Cavalry
39:16 Hussar
40:54 Redemption
45:15 Sanctity
45:58 Treadmill Crane
duduh69
10:46 Feudal Age
14:38 Castle Age
13:03 Double-Bit Axe
14:01 Horse Collar
14:19 Gold Mining
15:42 Bow Saw
16:47 Heavy Plow
17:57 Loom
20:35 Wheelbarrow
22:10 Hand Cart
23:37 Stone Mining
23:53 Scale Mail Armor
24:05 Forging
24:08 Town Watch
25:45 Stone Shaft Mining
28:44 Imperial Age
26:29 Town Patrol
28:06 Ballistics
27:57 Masonry
27:43 Murder Holes
27:53 Squires
28:09 Chain Mail Armor
28:29 Iron Casting
27:48 Fletching
27:59 Padded Archer Armor
30:28 Chemistry
30:30 Two-Man Saw
31:09 Plate Mail Armor
30:34 Bodkin Arrow
31:47 Leather Archer Armor
32:47 Elite Fire Lancer
32:51 Elite Skirmisher
36:09 Caravan
36:39 Coinage
42:40 Bracer
43:10 Ring Archer Armor
44:35 Banking
44:15 Guilds
Lucas Capita
0:28 Loom
10:15 Feudal Age
10:49 Horse Collar
10:56 Double-Bit Axe
16:42 Castle Age
15:34 Stone Mining
20:04 Heavy Plow
22:13 Gold Mining
23:23 Wheelbarrow
25:32 Hand Cart
26:46 Gold Shaft Mining
28:03 Bow Saw
30:55 Imperial Age
28:12 Town Watch
28:20 Fletching
29:15 Bodkin Arrow
29:31 Forging
29:27 Scale Barding Armor
30:07 Husbandry
30:18 Bloodlines
29:45 Light Cavalry
30:32 Kamandaran
30:37 Padded Archer Armor
32:22 Chemistry
30:54 Hussar
31:59 Conscription
32:19 Crop Rotation
32:26 Town Patrol
33:03 Iron Casting
32:50 Chain Barding Armor
33:07 Ballistics
32:28 Crossbowman
33:14 Thumb Ring
34:29 Hoardings
34:39 Murder Holes
35:04 Elite War Elephant
36:11 Citadels
37:06 Leather Archer Armor
37:51 Blast Furnace
37:27 Plate Barding Armor
36:54 Caravan
37:05 Heavy Camel Rider
38:51 Ring Archer Armor
40:29 Cavalier
42:09 Guilds
43:47 Savar
Connection lost

Rejoining the realm…

Still unreachable

The connection could not be restored.

Session expired

The server has moved on; the page needs a fresh start.